 Dungeon Crawl Stone Soup version 0.21-a0-518-g43a1781 (webtiles) character file.

35 Gerstahl the Twirler (level 3, 28/28 HPs)
             Began as a Demonspawn Gladiator on Dec 5, 2017.
             Quit the game on level 2 of the Dungeon.
             The game lasted 00:00:59 (1038 turns).

Gerstahl the Twirler (Demonspawn Gladiator)         Turns: 1038, Time: 00:01:00

Health: 28/28      AC:  3    Str: 14    XL:     3   Next: 16%
Magic:  3/3        EV: 12    Int:  9    God:
Gold:   58         SH:  0    Dex: 15    Spells: 2/2 levels left

rFire    . . .     SeeInvis .   a - +0 quarterstaff
rCold    . . .     Gourm    .   (shield currently unavailable)
rNeg     . . .     Faith    .   b - +0 leather armour
rPois    .         Spirit   .   (helmet restricted)
rElec    .         Reflect  .   (no cloak)
rCorr    .         Harm     .   (no gloves)
MR       .....                  (no boots)
Stlth    +.........             (no amulet)
HPRegen  0.09/turn              (no ring)
MPRegen  0.08/turn              (no ring)

@: no status effects
A: antennae 1, demonic guardian 1
a: no special abilities


You were on level 2 of the Dungeon.
You were not hungry.

You visited 1 branch of the dungeon, and saw 2 of its levels.

You collected 58 gold pieces.

Inventory:

Hand Weapons
 a - a +0 quarterstaff (weapon)
Missiles
 d - 3 throwing nets (quivered)
Armour
 b - a +0 leather armour (worn)
 c - a +0 helmet
Jewellery
 n - a +2 ring of protection {unknown}
Scrolls
 h - 2 scrolls of enchant armour {unknown}
 o - a scroll of identify {unknown}
Potions
 e - a potion of invisibility {unknown}
 g - a potion of curing {unknown}
 i - a potion of brilliance {unknown}
 j - a potion of might {unknown}
 k - a potion of mutation {unknown}
 l - a potion of magic {unknown}
 p - a potion of heal wounds {unknown}
 q - a potion of ambrosia {unknown}
Comestibles
 f - a bread ration
 m - a royal jelly


   Skills:
 + Level 2.9 Fighting
 + Level 3.3 Staves
 - Level 1.7 Throwing
 - Level 2.6 Dodging


You had 2 spell levels left.
You didn't know any spells.

Dungeon Overview and Level Annotations

Branches:
Dungeon (2/15)

Altars:


Innate Abilities, Weirdness & Mutations

You have a pair of small antennae on your head.
A weak demonic guardian rushes to your aid.


Message History

Found a stone staircase leading down.
Found a stone staircase leading down.
There is a stone staircase leading down here.
An adder comes into view.
An adder is nearby!
An adder is nearby!
The adder hisses angrily.
The adder bites you but does no damage.
You hit the adder.
The adder is heavily wounded.
The adder bites you but does no damage.
You sock the adder!
You kill the adder!
You have reached level 3!
Your experience leads to an increase in your attributes!
Increase (S)trength, (I)ntelligence, or (D)exterity?
You feel agile.
Your demonic ancestry asserts itself...
A pair of antennae grows on your head!
Your +0 helmet falls away!
Are you sure you want to abandon this character and quit the game? (Confirm with "yes".)

###....#..#####
+...............
####...########.
##.## #.# #.#
#.# ##.## #.@.#
##.## #.# #.#
#.# #.# ..# ###


There were no monsters in sight!

Vanquished Creatures
  An adder (D:2)
  A dart slug (D:1)
  2 bats (D:1)
  A giant cockroach (D:1)
  6 hobgoblins
  5 kobolds
  A quokka (D:2)
  3 frilled lizards
  2 goblins (D:1)
  A rat (D:1)
23 creatures vanquished.

Notes
Turn   | Place    | Note
-------+----------+-------------------------------------------
     0 | D:1      | Gerstahl the Demonspawn Gladiator began the quest for the Orb.
     0 | D:1      | Reached XP level 1. HP: 16/16 MP: 1/1
   128 | D:1      | Reached skill level 3 in Staves
   137 | D:1      | Gained mutation: A weak demonic guardian rushes to your aid. [demonic ancestry]
   137 | D:1      | Reached XP level 2. HP: 20/23 MP: 2/2
  1037 | D:2      | Gained mutation: You have a pair of small antennae on your head. [demonic ancestry]
  1037 | D:2      | Reached XP level 3. HP: 28/28 MP: 3/3
  1038 | D:2      | Quit the game

Vault maps used:
D:1:      lightli_iron_boxes
D:2:      lemuel_round_altar, marbit_many_paths, uniq_jessica

Skill      XL: |  1 |
---------------+----+-----
Staves         | 3 |  3.3
Fighting       | |  2.9
Throwing       | |  1.7
Dodging        | |  2.6

Action                   || total
-------------------------++-------
Melee: Quarterstaff      ||    67
 Stab: Sleeping          ||     1
Armor: Leather armour    ||    17
Dodge: Dodged            ||    43

Table legend:
 A = Spawn XP
 B = Non-spawn XP
 C = Spawn XP percentage of total XP
 D = Spawn monster count
 E = Non-spawn monster count
 F = Spawn count percentage of total count
 G = Total turns spent on level
                    A         B        C        D         E        F      G
               +---------+---------+-------+---------+---------+-------+---------
         Total |       0 |      50 |   0.0 |       0 |      23 |   0.0 |  1038
               +---------+---------+-------+---------+---------+-------+---------
           D:1 |       0 |      30 |   0.0 |       0 |      18 |   0.0 |   733
           D:2 |       0 |      20 |   0.0 |       0 |       5 |   0.0 |   305
               +---------+---------+-------+---------+---------+-------+---------
